 Dungeon Crawl Stone Soup version 0.31-a0-875-g02e7d12df6 (webtiles) character file.

Game seed: 12567712776269623891

84 croobank the Covert (level 4, -2/41 HPs)
             Began as a Gnoll Delver on Oct 12, 2023.
             Slain by a white imp (4 damage)
             ... on level 7 of the Dungeon.
             The game lasted 00:01:14 (318 turns).

croobank the Covert (Gnoll Delver)                   Turns: 318, Time: 00:01:14

Health: -2/41      AC:  3    Str: 12    XL:     4   Next: 46%
Magic:  5/5        EV: 13    Int: 11    God:
Gold:   12         SH:  0    Dex: 13    Spells: 5/5 levels left

rFire   . . .        a - +0 short sword
rCold   . . .        (no shield)
rNeg    . . .        b - +0 leather armour
rPois   .            (no helmet)
rElec   .            (no cloak)
rCorr   .            (no gloves)
SInv    .            (no boots)
Will    .....        (no amulet)
Stlth   ++++         (no ring)
HPRegen 0.26/turn    (no ring)
MPRegen 0.09/turn

%: no passive effects
@: no status effects
A: fangs 1, strong nose, distributed training
a: no special abilities


You were on level 7 of the Dungeon.
You visited 1 branch of the dungeon, and saw 3 of its levels.

You collected 12 gold pieces.

Inventory:

Hand Weapons
 a - a +0 short sword (weapon)
Armour
 b - a +0 leather armour (worn)
Wands
 g - a wand of digging (3)
 i - a wand of flame (15)
Scrolls
 c - a scroll of fog
 d - a scroll of revelation
 e - a scroll of fear
 h - a scroll of summoning {unknown}
Potions
 f - a potion of haste


   Skills:
 + Level 6.6 Fighting
 + Level 4.6 Short Blades
 + Level 1.2 Long Blades
 + Level 1.2 Axes
 + Level 1.2 Maces & Flails
 + Level 1.2 Polearms
 + Level 1.2 Staves
 + Level 1.2 Ranged Weapons
 + Level 1.2 Throwing
 + Level 1.2 Armour
 + Level 4.6 Dodging
 + Level 9.6 Stealth
 + Level 1.2 Shields
 + Level 1.2 Unarmed Combat
 + Level 1.2 Spellcasting
 + Level 1.0 Conjurations
 + Level 1.0 Hexes
 + Level 1.0 Summonings
 + Level 1.0 Necromancy
 + Level 1.0 Translocations
 + Level 1.0 Transmutations
 + Level 1.0 Fire Magic
 + Level 1.0 Ice Magic
 + Level 1.0 Air Magic
 + Level 1.0 Earth Magic
 + Level 1.0 Poison Magic
 + Level 1.3 Invocations
 + Level 1.2 Evocations
 + Level 1.1 Shapeshifting


You had 5 spell levels left.
You didn't know any spells.
Your spell library was empty.

Dungeon Overview and Level Annotations

Branches:
Dungeon (7/15)
 Temple: D:4-7

Altars:


Innate Abilities, Weirdness & Mutations

You have very sharp teeth.
Your uncanny sense of smell can sniff out nearby items.
Your experience applies equally to all skills.


Message History

You bite the white imp, but do no damage.
The white imp is severely wounded.
The white imp barely misses you.
You hit the white imp.
The white imp is almost dead.
The white imp completely misses you.
You barely miss the white imp.
The white imp is almost dead.
You hit the white imp but do no damage.
The white imp is almost dead.
The white imp barely misses you.
You hit the white imp but do no damage.
The white imp is almost dead.
The white imp gestures at you. The puff of frost hits you!
You hit the white imp.
The white imp is almost dead.
The white imp puffs mist at you. The white imp hits you.
The white imp freezes you.
* * * LOW HITPOINT WARNING * * *
You closely miss the white imp.
The white imp is almost dead.
You hit the white imp but do no damage.
The white imp is almost dead.
The white imp gestures at you. The puff of frost misses you.
You hit the white imp but do no damage.
The white imp is almost dead.
The white imp gestures at you. The puff of frost hits you!
* * * LOW HITPOINT WARNING * * *
Aiming: Throw Flame
Press: ? - help, Shift-Dir - straight line, f - white imp
Aim: a white imp (almost dead, 68% to hit)
The puff of flame misses the white imp.
The white imp grinds its teeth.
The white imp hits you.
* * * LOW HITPOINT WARNING * * *
The white imp freezes you.
You die...

....?...# ........# ........#
........# ........# ........#
......5.# #.#.........@#####
#####.#...####.......#
..........# #...!...#
..........# #.......#
..........# ##..#####
..........# #..# ........#.#
#..##
..........#####...###########
.......##.......#.#.........#


You could see a white imp.

Vanquished Creatures
  A scorpion (D:6)
  An iguana (D:7)
  An orc (D:6)
3 creatures vanquished.

Notes
Turn   | Place    | Note
-------+----------+-------------------------------------------
     0 | D:5      | Reached skill level 9 in Stealth
     0 | D:5      | croobank the Gnoll Delver began the quest for the Orb.
     0 | D:5      | Reached XP level 1. HP: 23/23 MP: 1/1
    10 | D:6      | Noticed a scorpion
    14 | D:6      | Killed a scorpion
    15 | D:6      | Reached skill level 1 in Long Blades
    15 | D:6      | Reached skill level 1 in Axes
    15 | D:6      | Reached skill level 1 in Maces & Flails
    15 | D:6      | Reached skill level 1 in Polearms
    15 | D:6      | Reached skill level 1 in Staves
    15 | D:6      | Reached skill level 1 in Ranged Weapons
    15 | D:6      | Reached skill level 1 in Throwing
    15 | D:6      | Reached skill level 1 in Armour
    15 | D:6      | Reached skill level 1 in Shields
    15 | D:6      | Reached skill level 1 in Unarmed Combat
    15 | D:6      | Reached skill level 1 in Spellcasting
    15 | D:6      | Reached skill level 1 in Invocations
    15 | D:6      | Reached skill level 1 in Evocations
    15 | D:6      | Reached XP level 2. HP: 29/29 MP: 1/3
    15 | D:6      | Reached XP level 3. HP: 35/35 MP: 1/4
    15 | D:6      | Reached XP level 4. HP: 41/41 MP: 1/5
    62 | D:6      | Reached skill level 1 in Shapeshifting
   240 | D:7      | Reached skill level 1 in Conjurations
   240 | D:7      | Reached skill level 1 in Hexes
   240 | D:7      | Reached skill level 1 in Summonings
   240 | D:7      | Reached skill level 1 in Necromancy
   240 | D:7      | Reached skill level 1 in Translocations
   240 | D:7      | Reached skill level 1 in Transmutations
   240 | D:7      | Reached skill level 1 in Fire Magic
   240 | D:7      | Reached skill level 1 in Ice Magic
   240 | D:7      | Reached skill level 1 in Air Magic
   240 | D:7      | Reached skill level 1 in Earth Magic
   240 | D:7      | Reached skill level 1 in Poison Magic
   318 | D:7      | HP: 2/41 [white imp (2)]
   318 | D:7      | Slain by a white imp

Illustrated notes

Levels and vault maps discovered:
D:5:      layout_layer_cave
D:6:      layout_basic, gammafunk_ghost_necromancy, chequers_big_river
D:7:      layout_basic, lemuel_mausoleum_altar_yredelemnul,
          minmay_temple_entry_enclosed_plants

Skill      XL: |  1  2  3  4 |
---------------+-------------+-----
Stealth        | |  9.6
Long Blades    | 1 |  1.2
Axes           | 1 |  1.2
Maces & Flails | 1 |  1.2
Polearms       | 1 |  1.2
Staves         | 1 |  1.2
Ranged Weapons | 1 |  1.2
Throwing       | 1 |  1.2
Armour         | 1 |  1.2
Shields        | 1 |  1.2
Unarmed Combat | 1 |  1.2
Spellcasting   | 1 |  1.2
Invocations    | 1 |  1.3
Evocations     | 1 |  1.2
Shapeshifting  | 1 |  1.1
Conjurations   | 1 |  1.0
Hexes          | 1 |  1.0
Summonings     | 1 |  1.0
Necromancy     | 1 |  1.0
Translocations | 1 |  1.0
Transmutations | 1 |  1.0
Fire Magic     | 1 |  1.0
Ice Magic      | 1 |  1.0
Air Magic      | 1 |  1.0
Earth Magic    | 1 |  1.0
Poison Magic   | 1 |  1.0
Fighting       | |  6.6
Short Blades   | |  4.6
Dodging        | |  4.6

Action                     |  1- 3 |  4- 6 || total
---------------------------+-------+-------++-------
  Melee: Short sword       |     1 |    15 ||    16
         Bite              |       |     2 ||     2
  Evoke: Wand              |       |     1 ||     1
   Stab: Sleeping          |     1 |     1 ||     2
 Armour: Leather armour    |       |     7 ||     7
  Dodge: Dodged            |       |     6 ||     6

Table legend: (Time is in decaauts)
 A = Elapsed time spent in this place.
 B = Non-inter-level travel time spent in this place.
 C = Inter-level travel time spent in this place.
 D = Time resting spent in this place.
 E = Time spent auto-exploring this place.
 F = Levels seen in this place.
 G = Mean time per level.
                   A        B        C        D        E       F      G
               +--------+--------+--------+--------+--------+-----+--------+
         Total |    316 |    316 |      0 |    142 |     63 |   3 |  105.3 |
       Dungeon |    316 |    316 |      0 |    142 |     63 |   3 |  105.3 |
               +--------+--------+--------+--------+--------+-----+--------+

Top non-repeatable levels by time:
     D:6: 222 daAuts
     D:7: 92 daAuts
     D:5: 1 daAuts
